 Dungeon Crawl Stone Soup version 0.32-a0-42-ga30500b4d3 (webtiles) character file.

Game seed: 10716356679532175709

3013 cforsyth the Fighter (level 10, -6/118 HPs)
             Began as a Djinni Warper on Feb 1, 2024.
             Was a Believer of the Shining One.
             Killed from afar by Amaemon (16 damage)
             ... with a bolt of acid
             ... on level 8 of the Dungeon.
             The game lasted 00:16:37 (7363 turns).

cforsyth the Fighter (Djinni Warper)                Turns: 7363, Time: 00:16:37

Health: -6/118     AC: 13    Str: 10    XL:     10   Next: 10%
Gold:   342        EV:  2    Int: 25    God:    the Shining One [**....] SH:  0 Dex: 13

rFire   . . .        F - +4 scimitar
rCold   + . .        (no shield)
rNeg    + . .        g - melded +0 steam dragon scales
rPois   ∞            (helmet currently unavailable)
rElec   .            t - melded +1 cloak
rCorr   .            (gloves currently unavailable)
SInv    .            (boots unavailable)
Will    +....        (no amulet)
Stlth   +            u - ring of protection from cold
HPRegen 0.39/turn    E - +6 ring of intelligence
MPRegen 0.00/turn

%: infuse magic (-7 HP)
@: brilliant, tree-form, weakened, corroded, attractive, glowing, studying
Staves
A: stationary, stasis, torment immunity, boosted hp, sickness immunity, (fire
resistance 2), (cold vulnerability 1), float, innate caster, HP casting, extra
vitality 1, (claws 1), (horns 1), mutation resistance 1, noise suppression
a: Renounce Religion, Divine Shield


You were on level 8 of the Dungeon.
You worshipped the Shining One.
The Shining One was pleased with you.
You were a tree.
You visited 1 branch of the dungeon, and saw 8 of its levels.

You collected 342 gold pieces.

Inventory:

Hand Weapons
 y - the +2 flail of Hovaf {elec, Fly rPois Int-2 Dex+2}
   (You found it on level 3 of the Dungeon)

   Int-2:     It affects your intelligence (-2).
   Dex+2:     It affects your dexterity (+2).
   rPois:     It protects you from poison Fly: It grants you flight.
 F - a +4 scimitar (weapon)
Missiles
 d - 4 darts of dispersal
 k - 9 poisoned darts
 M - 2 throwing nets
Armour
 b - a +0 leather armour
 g - +0 steam dragon scales (melded)
 t - a +1 cloak (melded)
Jewellery
 u - a ring of protection from cold (left branch)
 E - a +6 ring of intelligence (right branch)
 J - a ring of protection from fire
 L - a ring of wizardry
Wands
 C - a wand of flame (21)
 I - a wand of digging (6)
Scrolls
 c - 2 scrolls of blinking
 i - 2 scrolls of enchant armour
 j - a scroll of amnesia {unknown}
 m - 3 scrolls of fog
 n - 2 scrolls of enchant weapon
 p - 2 scrolls of poison
 s - a scroll of noise
 v - a scroll of immolation
 w - a scroll of revelation
 x - a scroll of acquirement {unknown}
 A - 2 scrolls of teleportation {unknown}
 B - 2 scrolls of fear {unknown}
 G - a scroll of brand weapon {unknown}
 H - a scroll of vulnerability {unknown}
Potions
 a - a potion of invisibility {unknown}
 e - a potion of berserk rage {unknown}
 f - a potion of ambrosia
 h - 3 potions of enlightenment
 o - 4 potions of lignification
 q - a potion of brilliance
 r - 3 potions of curing
 z - a potion of mutation
 D - a potion of attraction
 K - a potion of cancellation {unknown}


   Skills:
 + Level 9.6 Fighting
 - Level 3.1 Long Blades
 - Level 0.7 Throwing
 - Level 1.0 Armour
 - Level 2.1 Dodging
 + Level 7.7 Spellcasting
 + Level 7.7 Conjurations
 + Level 7.7 Hexes
 + Level 7.7 Summonings
 + Level 7.7 Necromancy
 + Level 7.7 Translocations
 + Level 7.7 Fire Magic
 + Level 7.7 Ice Magic
 + Level 7.7 Air Magic
 + Level 7.7 Earth Magic
 + Level 7.7 Alchemy


You knew the following spells:

 Your Spells              Type           Power      Damage    Failure   Level
a - Blink                 Tloc           100%       N/A       1%          2
b - Lesser Beckoning      Tloc           100%       N/A       1%          2
c - Teleport Other        Tloc           64%        N/A       1%          3
d - Manifold Assault      Tloc           64%        N/A       2%          4
e - Vhi's Electric Charg  Tloc/Air       100%       N/A       2%          4
f - Sandblast             Erth           100%       2d20      1%          1
g - Scorch                Fire           100%       2d9       1%          2
h - Swiftness             Air            64%        N/A       1%          3
i - Hailstorm             Conj/Ice       64%        3d12      1%          3
Your spell library was empty.

Dungeon Overview and Level Annotations

Branches:
Dungeon (8/15)             Temple (0/1) D:4            Lair (0/5) D:8

Altars:
Dithmenos
Elyvilon
Fedhas
Nemelex Xobeh
Ru
Trog
Wu Jian
The Shining One

Shops:
D:2 [

Annotations:
D:8 Amaemon


Innate Abilities, Weirdness & Mutations

You are a tree.
Your roots penetrate the ground, keeping you stationary.
You cannot be teleported.
You are immune to unholy pain and torment.
Your maximum health is greatly increased.
Your equipment is partially melded.
You are immune to sickness and miasma.
You are immune to poison.
((Your flesh is very heat resistant. (rF++)))
((You are vulnerable to cold. (rC-)))
You float through the air rather than walking.
You learn spells naturally, not from books.
Your magical power is your life essence.
You have superior vitality. (+4 MHP)
((You have sharp fingernails.))
((You have a pair of small horns on your head.))
You are somewhat resistant to further mutation.
You passively dampen the noise of your surroundings.


Message History

Amaemon hits you but does no damage. Amaemon claws you but does no damage.
Amaemon tail-slaps you but does no damage.
It was a potion of brilliance.
You feel clever all of a sudden. The orange demon stings you!
* * * LOW HITPOINT WARNING * * *
You resist.
The orange demon hits you but does no damage.
Amaemon zaps a wand.
The bolt of acid hits you!
* * * LOW HITPOINT WARNING * * *
The acid corrodes you!
Okay, then.
It was a potion of mutation.
You feel extremely strange. A pair of horns grows on your head!
You feel genetically stable.
Your fingernails lengthen.
You feel your surroundings grow quieter.
You hear the faint creaking of a distant portcullis.
The orange demon stings you but does no damage.
The orange demon hits you but does no damage.
Amaemon's eyes glow red.
Amaemon zaps a wand.
The bolt of acid hits you.
* * * LOW HITPOINT WARNING * * *
The acid corrodes you!
Okay, then.
As you read the scroll labelled QURYXA PETUALE AHI, it crumbles to dust.
You hear a loud clanging noise!
It was a scroll of noise.
The orange demon completely misses you.
The orange demon hits you but does no damage.
Amaemon hits you with a +0 demon whip of venom.
* * * LOW HITPOINT WARNING * * *
Amaemon claws you.
* * * LOW HITPOINT WARNING * * *
Amaemon tail-slaps you but does no damage.
The air fills with toxic fumes!
As you read the scroll labelled WUDICZ KILEDI, it crumbles to dust.
It was a scroll of poison.
The orange demon completely misses you. The orange demon hits you.
* * * LOW HITPOINT WARNING * * *
Amaemon zaps a wand.
The bolt of acid hits you!
You die...

.## *..........>.....,,*
**,, ..##
*...§§§§§§§§§§§§§§§* *,,,
...# *#..§§§§§§§§§§§§§§§**
**,,, ...#
#..§§§§§§§§§§§§§§§,* *,,,,
...# #..§§§§§§§§§§§§§§§,*
**,,,, ...#
##.§§§§§§§§§§§§§§§,***,,,,,
..##
##§§§§§§§§§§§§§§§,,,,,,,,,
..#
##§§§§§§§6§§§§§§,,,,,***,
.## ##§§§§§♣4§§§§§§,*****
*, ## **** ###§§§§§§§§§§#**
*, # **,,*** ##§§§§§§§§##
*, # *,,,,,***#§##§§§§§##
** **,,,,,,*#§#*###§### *
*,,,,,,,§§§* *## *
*******###** * ***,**
********* **
*****,,,,***,*,,,>,* **,


You could see Amaemon (combustible) and an orange demon (curare).

Vanquished Creatures
  Grinder (D:6)
  A wyvern (D:7)
  2 steam dragons
  A water moccasin (D:6)
  An orc warrior (D:7)
  2 ice beasts
  A sky beast (D:6)
  An ogre (D:5)
  A centaur (D:7)
  3 phantoms
  Blork the orc (D:6)
  2 bullfrogs
  A gnoll sergeant (D:7)
  2 scorpions (D:5)
  3 wights (D:6)
  A howler monkey (D:8)
  5 jellies
  4 bombardier beetles
  3 hounds
  A gnoll bouda (D:4)
  5 orc priests
  2 sleepcaps
  2 iguanas (D:5)
  2 orc wizards (D:7)
  5 gnolls
  6 adders
  A shadow imp (D:8)
  A white imp (D:6)
  2 ufetubi (D:6)
  3 ribbon worms
  5 dart slugs
  19 orcs
  5 endoplasms
  2 giant cockroaches
  6 goblins
  5 hobgoblins
  12 jackals
  4 quokkas
  3 ball pythons (D:1)
  5 bats
  3 frilled lizards
  6 kobolds
  7 rats
148 creatures vanquished.

Notes
Turn   | Place    | Note
-------+----------+-------------------------------------------
     0 | D:1      | cforsyth the Djinni Warper began the quest for the Orb.
     0 | D:1      | cforsyth set off with the following spells memorised:
                  | Blink, Lesser Beckoning, Teleport Other, Manifold Assault,
                  | Vhi's Electric Charge.
     0 | D:1      | Reached XP level 1. HP: 18/18 MP: 0/0
    46 | D:1      | Reached XP level 2. HP: 6/23 MP: 0/0
   315 | D:1      | Reached XP level 3. HP: 15/29 MP: 0/0
   315 | D:1      | Learned a level 1 spell: Sandblast
   716 | D:2      | Found a glowing golden altar of the Shining One.
   856 | D:2      | Found Laubuk's Antique Armour Boutique.
  1188 | D:2      | Reached XP level 4. HP: 20/34 MP: 0/0
  1415 | D:2      | Became a worshipper of the Shining One
  1473 | D:3      | Noticed a bullfrog
  1478 | D:3      | Reached skill level 3 in Fighting
  1482 | D:3      | Killed a bullfrog
  1483 | D:3      | Reached XP level 5. HP: 18/40 MP: 0/0
  1483 | D:3      | Learned a level 2 spell: Scorch
  1697 | D:3      | Found a sacrificial altar of Ru.
  1743 | D:3      | Found a faded altar of an unknown god.
  1939 | D:3      | Found an ornate altar of the Wu Jian Council.
  1941 | D:3      | Found a shadowy altar of Dithmenos.
  2013 | D:3      | Reached XP level 6. HP: 35/47 MP: 0/0
  2076 | D:3      | Found a white marble altar of Elyvilon.
  2078 | D:3      | Identified the +2 flail of Hovaf {elec, Fly rPois Int-2
                  | Dex+2}
  2081 | D:3      | Found a sparkling altar of Nemelex Xobeh.
  2337 | D:4      | Reached skill level 4 in Fighting
  3005 | D:4      | Reached XP level 7. HP: 39/53 MP: 0/0
  3005 | D:4      | Learned a level 3 spell: Swiftness
  3085 | D:4      | Found a staircase to the Ecumenical Temple.
  3454 | D:4      | Found a bloodstained altar of Trog.
  3626 | D:4      | Reached skill level 5 in Fighting
  3719 | D:5      | Entered Level 5 of the Dungeon
  4026 | D:5      | Reached skill level 5 in Spellcasting
  4026 | D:5      | Reached skill level 5 in Conjurations
  4026 | D:5      | Reached skill level 5 in Hexes
  4026 | D:5      | Reached skill level 5 in Summonings
  4026 | D:5      | Reached skill level 5 in Necromancy
  4026 | D:5      | Reached skill level 5 in Translocations
  4026 | D:5      | Reached skill level 5 in Fire Magic
  4026 | D:5      | Reached skill level 5 in Ice Magic
  4026 | D:5      | Reached skill level 5 in Air Magic
  4026 | D:5      | Reached skill level 5 in Earth Magic
  4026 | D:5      | Reached skill level 5 in Alchemy
  4099 | D:5      | Reached XP level 8. HP: 53/61 MP: 0/0
  4178 | D:5      | Reached skill level 6 in Fighting
  4281 | D:5      | Reached * piety under the Shining One
  4916 | D:6      | Reached skill level 7 in Fighting
  5189 | D:6      | Reached XP level 9. HP: 60/68 MP: 0/0
  5189 | D:6      | Learned a level 3 spell: Hailstorm
  5347 | D:6      | Reached skill level 8 in Fighting
  5432 | D:6      | Noticed Grinder
  5447 | D:6      | Paralysed by Grinder for 3 turns
  5457 | D:6      | Killed Grinder
  5779 | D:6      | Noticed Blork the orc
  5785 | D:6      | Killed Blork the orc
  5857 | D:6      | Identified the +4 whip of the Valley {pain, Will+}
  5953 | D:6      | Found a blossoming altar of Fedhas.
  6287 | D:7      | Reached ** piety under the Shining One
  6393 | D:7      | Reached skill level 9 in Fighting
  6966 | D:7      | Reached XP level 10. HP: 73/78 MP: 0/0
  7343 | D:8      | Noticed an orange demon
  7343 | D:8      | Noticed Amaemon
  7361 | D:8      | Gained mutation: You have a pair of small horns on your
                  | head. [potion of mutation]
  7361 | D:8      | Gained mutation: You are somewhat resistant to further
                  | mutation. [potion of mutation]
  7361 | D:8      | Gained mutation: You have sharp fingernails. [potion of
                  | mutation]
  7361 | D:8      | Gained mutation: You passively dampen the noise of your
                  | surroundings. [potion of mutation]
  7363 | D:8      | Killed from afar by Amaemon

Illustrated notes

Levels and vault maps discovered:
D:1:      minmay_arrival_solitary_statue, layout_rooms, minmay_misc_feat_roman,
          minmay_domino_2
D:2:      layout_loops_ring, basic_altar, serial_shops,
          nicolae_shop_overgrown_old_shop, minmay_hedge_maze, minmay_cupped
D:3:      layout_rooms, nicolae_overflow_hidden_temple,
          ebering_ecumenical_altar_hall, serial_forest,
          infiniplex_forest_clump_small, infiniplex_forest_corner_2,
          infiniplex_forest_lined_2, infiniplex_forest_clump_C
D:4:      layout_gridville, bloody_trog, minmay_temple_entry_water_ring,
          minmay_manual_moon
D:5:      layout_loops_ring, kennysheep_generic_room_9
D:6:      minmay_inner_zag, layout_basic, fedhas_ov_isle_minmay, uniq_grinder,
          uniq_blork_the_orc
D:7:      layout_loops_ring, mainiacjoe_overflow_tiny_flanked,
          hangedman_abyss_or_decor_stabs
D:8:      layout_cave_pods, erik_lair_dragon, lightli_bailey_entry_fortress,
          uniq_pikel, uniq_amaemon, uniq_psyche

Skill      XL: |  1  2  3  4  5  6  7  8  9 |
---------------+----------------------------+-----
Spellcasting   | 3 4 5 6 7 |  7.7
Conjurations   | 3 4 5 6 7 |  7.7
Hexes          | 3 4 5 6 7 |  7.7
Summonings     | 3 4 5 6 7 |  7.7
Necromancy     | 3 4 5 6 7 |  7.7
Translocations | 3 4 5 6 7 |  7.7
Fire Magic     | 3 4 5 6 7 |  7.7
Ice Magic      | 3 4 5 6 7 |  7.7
Air Magic      | 3 4 5 6 7 |  7.7
Earth Magic    | 3 4 5 6 7 |  7.7
Alchemy        | 3 4 5 6 7 |  7.7
Long Blades    | 2 3 |  3.1
Fighting       | 3 4 5 7 9 |  9.6
Throwing       | |  0.7
Armour         | |  1.0
Dodging        | |  2.1

Action                     |  1- 3 |  4- 6 |  7- 9 | 10-12 || total
---------------------------+-------+-------+-------+-------++-------
  Melee: Falchion          |    60 |       |       |       ||    60
         Scimitar          |       |       |     1 |     3 ||     4
  Throw: Dart              |     3 |       |       |       ||     3
   Cast: Sandblast         |    31 |    15 |       |       ||    46
         Scorch            |       |    61 |   159 |    17 ||   237
         Hailstorm         |       |       |     7 |       ||     7
         Swiftness         |       |       |     1 |       ||     1
         Manifold Assault  |       |       |     1 |       ||     1
    Use: Scroll            |       |       |       |    11 ||    11
         Potion            |       |       |       |     6 ||     6
 Armour: Leather armour    |    73 |    35 |    46 |    11 ||   165
         Skin              |       |       |       |    61 ||    61
         Steam dragon scal |       |       |       |     2 ||     2
  Dodge: Dodged            |    71 |    21 |    21 |    13 ||   126

Table legend: (Time is in decaauts)
 A = Elapsed time spent in this place.
 B = Non-inter-level travel time spent in this place.
 C = Inter-level travel time spent in this place.
 D = Time resting spent in this place.
 E = Time spent auto-exploring this place.
 F = Levels seen in this place.
 G = Mean time per level.
                   A        B        C        D        E       F      G
               +--------+--------+--------+--------+--------+-----+--------+
         Total |   7394 |   7105 |    289 |    736 |   5276 |   8 |  924.2 |
       Dungeon |   7394 |   7105 |    289 |    736 |   5276 |   8 |  924.2 |
               +--------+--------+--------+--------+--------+-----+--------+

Top non-repeatable levels by time:
     D:6: 1552 daAuts
     D:4: 1209 daAuts
     D:5: 1151 daAuts
     D:3: 1073 daAuts
     D:7: 834 daAuts
     D:2: 739 daAuts
     D:1: 731 daAuts
     D:8: 102 daAuts
